[ AOE2 MATCH · #506754067 ]
UnrankedGoths vs Magyars
Player's team · WIN
Rival team · LOSS
[ REPLAY ANALYSIS · EXTRACTED FROM THE RECORDED GAME ]
Feudal
9:16
Castle
—
Imperial
—
| APM avg | 33.1 |
| APM peak | 63 |
| eAPM avg | 13.4 |
| Villagers / military | 45 / 19 |
Focus
⚔️ 22.7% · 🌾 77.3%
Militia ×14 · Spearman ×5
Feudal
8:55
Castle
—
Imperial
—
| APM avg | 77.5 |
| APM peak | 120 |
| eAPM avg | 27.1 |
| Villagers / military | 64 / 16 |
Focus
⚔️ 26.1% · 🌾 73.9%
Scout Cavalry ×9 · Archer ×4 · Skirmisher ×3
Match map
Initial resources + every placement click. Lines = walls · curves = elevation contours. ◆ gold · ⬟ stone · ● berries · ✦ relic · ◌ wall gap
Your base· Open — opponent sealed themselves in
SnowyP's base· ✓ Closed at 12:00 · 2t walls · no gate
Smoothed initial terrain · ◌ = detected wall gap · hover for details
Inputs per minute
— matias_dka - - SnowyP
Build order — matias_dka
104 actions detected in the replay
| 0:03 | Create | Villager (Male) |
| 0:04 | Create | Villager (Male) |
| 0:04 | Create | Villager (Male) |
| 0:06 | Build | House |
| 0:08 | Build | House |
| 0:23 | Create | Villager (Male) |
| 0:23 | Create | Villager (Male) |
| 0:23 | Create | Villager (Male) |
| 1:33 | Create | Villager (Male) |
| 1:33 | Create | Villager (Male) |
| 1:54 | Build | Lumber Camp |
| 1:55 | Create | Villager (Male) |
| 1:55 | Create | Villager (Male) |
| 2:28 | Create | Villager (Male) |
| 2:28 | Create | Villager (Male) |
| 2:56 | Create | Villager (Male) |
| 2:56 | Create | Villager (Male) |
| 3:09 | Create | Villager (Male) |
| 3:10 | Create | Villager (Male) |
| 3:10 | Create | Villager (Male) |
| 3:40 | Create | Villager (Male) |
| 3:40 | Create | Villager (Male) |
| 3:55 | Build | House |
| 4:13 | Create | Villager (Male) |
| 4:13 | Create | Villager (Male) |
| 4:13 | Create | Villager (Male) |
| 4:54 | Build | Barracks |
| 5:15 | Create | Villager (Male) |
| 5:15 | Create | Villager (Male) |
| 6:00 | Create | Villager (Male) |
| 6:00 | Create | Villager (Male) |
| 6:03 | Build | House |
| 6:18 | Research | Loom |
| 7:06 | Research | Feudal Age |
| 7:06 | Research | Feudal Age |
| 7:29 | Create | Militia |
| 7:29 | Create | Militia |
| 8:02 | Build | Mining Camp |
| 8:06 | Create | Militia |
| 8:35 | Create | Militia |
| 8:58 | Build | House |
| 9:16 | Age | Feudal Age |
| 9:24 | Create | Villager (Male) |
| 9:24 | Create | Villager (Male) |
| 9:29 | Research | Man-at-Arms (upgrade) |
| 9:48 | Create | Spearman |
| 9:58 | Create | Villager (Male) |
| 10:05 | Research | Double-Bit Axe |
| 10:06 | Create | Villager (Male) |
| 10:12 | Build | House |
| 10:26 | Create | Militia |
| 10:32 | Build | House |
| 11:04 | Create | Villager (Male) |
| 11:27 | Create | Villager (Male) |
| 11:40 | Create | Villager (Male) |
| 11:46 | Build | Archery Range |
| 11:51 | Create | Villager (Male) |
| 12:14 | Build | Mill |
| 12:15 | Create | Villager (Male) |
| 12:47 | Create | Villager (Male) |
| 12:50 | Create | Spearman |
| 12:50 | Create | Spearman |
| 12:55 | Create | Villager (Male) |
| 12:58 | Build | Farm |
| 12:59 | Build | Farm |
| 13:37 | Build | Barracks |
| 13:39 | Create | Villager (Male) |
| 13:47 | Build | Farm |
| 14:16 | Create | Villager (Male) |
| 14:20 | Build | House |
| 14:22 | Create | Militia |
| 14:22 | Create | Militia |
| 14:24 | Create | Spearman |
| 14:24 | Create | Spearman |
| 14:34 | Create | Villager (Male) |
| 14:36 | Build | Farm |
| 14:38 | Build | Farm |
| 14:40 | Build | Farm |
| 15:00 | Build | Farm |
| 15:02 | Create | Villager (Male) |
| 15:08 | Build | Blacksmith |
| 15:11 | Create | Villager (Male) |
| 15:24 | Create | Militia |
| 15:24 | Create | Militia |
| 15:32 | Build | Farm |
| 15:33 | Build | Farm |
| 15:37 | Research | Scale Mail Armor |
| 15:53 | Create | Militia |
| 15:53 | Create | Militia |
| 15:53 | Create | Militia |
| 16:32 | Create | Villager (Male) |
| 16:34 | Create | Militia |
| 16:34 | Create | Militia |
| 16:56 | Research | Forging |
| 17:02 | Build | Mill |
| 17:04 | Create | Villager (Male) |
| 17:04 | Create | Villager (Male) |
| 17:16 | Build | Farm |
| 17:17 | Build | Farm |
| 17:20 | Build | Farm |
| 17:22 | Build | Farm |
| 17:24 | Build | Farm |
| 17:25 | Build | Farm |
| 17:27 | Build | Farm |
Build order — SnowyP
130 actions detected in the replay
| 0:00 | Create | Villager (Male) |
| 0:01 | Create | Villager (Male) |
| 0:02 | Build | House |
| 0:05 | Build | House |
| 0:09 | Build | House |
| 0:30 | Create | Villager (Male) |
| 0:41 | Create | Villager (Male) |
| 0:42 | Create | Villager (Male) |
| 1:32 | Create | Villager (Male) |
| 1:32 | Create | Villager (Male) |
| 1:39 | Create | Villager (Male) |
| 1:39 | Create | Villager (Male) |
| 2:18 | Create | Villager (Male) |
| 2:31 | Build | Lumber Camp |
| 2:44 | Create | Villager (Male) |
| 2:52 | Create | Villager (Male) |
| 3:31 | Build | House |
| 3:37 | Create | Villager (Male) |
| 3:37 | Create | Villager (Male) |
| 3:44 | Create | Villager (Male) |
| 3:44 | Create | Villager (Male) |
| 3:51 | Create | Villager (Male) |
| 4:25 | Create | Villager (Male) |
| 4:25 | Create | Villager (Male) |
| 4:41 | Create | Villager (Male) |
| 4:59 | Create | Villager (Male) |
| 4:59 | Create | Villager (Male) |
| 5:18 | Create | Villager (Male) |
| 5:58 | Build | Mill |
| 6:07 | Create | Villager (Male) |
| 6:14 | Research | Loom |
| 6:15 | Research | Loom |
| 6:45 | Research | Feudal Age |
| 6:45 | Research | Feudal Age |
| 7:38 | Build | Barracks |
| 7:42 | Build | Palisade Wall |
| 7:43 | Build | Palisade Wall |
| 7:50 | Create | Villager (Male) |
| 8:23 | Build | House |
| 8:26 | Build | House |
| 8:28 | Create | Villager (Male) |
| 8:31 | Create | Villager (Male) |
| 8:39 | Create | Villager (Male) |
| 8:45 | Create | Villager (Male) |
| 8:55 | Age | Feudal Age |
| 9:02 | Build | Stable |
| 9:13 | Research | Double-Bit Axe |
| 9:14 | Create | Villager (Male) |
| 9:21 | Create | Villager (Male) |
| 9:26 | Create | Villager (Male) |
| 9:38 | Create | Scout Cavalry |
| 9:38 | Create | Scout Cavalry |
| 9:38 | Create | Scout Cavalry |
| 9:56 | Build | Archery Range |
| 10:06 | Create | Villager (Male) |
| 10:11 | Create | Scout Cavalry |
| 10:11 | Create | Scout Cavalry |
| 10:16 | Create | Villager (Male) |
| 10:26 | Build | House |
| 10:27 | Create | Villager (Male) |
| 10:34 | Create | Scout Cavalry |
| 10:34 | Create | Scout Cavalry |
| 10:40 | Build | Farm |
| 10:42 | Build | Farm |
| 10:55 | Create | Archer |
| 10:58 | Build | House |
| 11:09 | Create | Villager (Male) |
| 11:37 | Build | Farm |
| 11:37 | Create | Villager (Male) |
| 11:41 | Create | Villager (Male) |
| 11:53 | Create | Skirmisher |
| 11:54 | Create | Villager (Male) |
| 12:00 | Build | Market |
| 12:08 | Create | Scout Cavalry |
| 12:28 | Create | Villager (Male) |
| 12:39 | Create | Villager (Male) |
| 12:44 | Create | Villager (Male) |
| 12:55 | Build | Lumber Camp |
| 12:57 | Build | Farm |
| 12:57 | Build | Farm |
| 12:58 | Build | Farm |
| 12:58 | Build | Farm |
| 12:58 | Build | Farm |
| 12:59 | Build | Farm |
| 13:07 | Create | Villager (Male) |
| 13:13 | Create | Villager (Male) |
| 13:17 | Create | Villager (Male) |
| 13:22 | Build | Mining Camp |
| 13:43 | Build | Palisade Gate |
| 13:48 | Build | Farm |
| 13:54 | Build | Farm |
| 13:57 | Build | Farm |
| 14:00 | Build | House |
| 14:02 | Research | Town Watch |
| 14:21 | Create | Scout Cavalry |
| 14:24 | Build | Farm |
| 14:29 | Create | Villager (Male) |
| 14:31 | Create | Villager (Male) |
| 14:46 | Build | Farm |
| 14:50 | Build | Farm |
| 14:51 | Create | Villager (Male) |
| 14:54 | Research | Horse Collar |
| 14:57 | Build | Farm |
| 15:05 | Build | Farm |
| 15:06 | Create | Villager (Male) |
| 15:09 | Build | Farm |
| 15:14 | Create | Skirmisher |
| 15:23 | Create | Villager (Male) |
| 15:27 | Build | Farm |
| 15:38 | Create | Villager (Male) |
| 15:57 | Create | Archer |
| 16:03 | Create | Villager (Male) |
| 16:10 | Create | Villager (Male) |
| 16:21 | Create | Archer |
| 16:22 | Create | Skirmisher |
| 16:24 | Build | House |
| 16:25 | Create | Villager (Male) |
| 16:33 | Create | Villager (Male) |
| 16:37 | Create | Villager (Male) |
| 16:41 | Create | Archer |
| 16:45 | Build | House |
| 16:48 | Build | House |
| 16:53 | Create | Villager (Male) |
| 17:04 | Create | Villager (Male) |
| 17:07 | Create | Villager (Male) |
| 17:08 | Create | Villager (Male) |
| 17:09 | Create | Villager (Male) |
| 17:12 | Create | Villager (Male) |
| 17:13 | Create | Villager (Male) |
| 17:17 | Create | Villager (Male) |
Match timeline
| 4:54 | matias_dka · first_building Barracks |
| 7:38 | SnowyP · first_building Barracks |
| 7:42 | SnowyP · wall_segment Palisade Wall x1 |
| 7:43 | SnowyP · wall_segment Palisade Wall x1 |
| 8:55 | SnowyP · age_up feudal |
| 9:02 | SnowyP · first_building Stable |
| 9:16 | matias_dka · age_up feudal |
| 9:56 | SnowyP · first_building Archery Range |
| 11:46 | matias_dka · first_building Archery Range |
| 17:29 | SnowyP · resign |
[ AI ANALYSIS · 1 CREDIT ]
What really happened in this match?
Wolo.gg analyzes every decision: build order, eco, micro, common mistakes by bracket. Personalized analysis on WhatsApp or Discord in 30 seconds.
Civ guide
Goths
Perfil
Jugador #2090196